Map: Tourmaline LE

Players

Lenzi

  • Race: Protoss Protoss
  • League: Master
  • Spawn Location: 1:00

SCIInewby - Winner!

  • Race: Protoss Protoss
  • League: Master
  • Spawn Location: 7:00

VOD

Have the link to the VOD?

Description

Time

  • Played on: Feb. 10, 2026, 2:32 p.m.
  • Length: 9:28
Show
View Real Time Build Order
Export as new Build Order

Lenzi Protoss 

Build Orders: 1 Gate Expand, Double Forge 

Get SALT Encoding   

  12  0:00  Probe  
  13  0:12  Probe  
  14  0:18  Pylon  
  14  0:24  Probe  
  15  0:36  Probe  
  15  0:39  Gateway  
  16  0:48  Assimilator, Probe  
  17  1:01  Probe  
  18  1:13  Probe  
  19  1:30  Probe, Nexus  
  20  1:36  Cybernetics Core  
  19  1:43  Pylon  
  19  1:48  Zealot  
  19  1:52  Warp Gate  
  21  1:57  Probe  
  22  2:09  Probe  
  22  2:11  Zealot  
  25  2:24  Probe  
  26  2:30  Pylon  
  26  2:33  Assimilator  
  26  2:36  Probe  
  27  2:38  Stalker  
  29  2:48  Probe  
  29  2:49  Probe  
  31  3:00  Probe  
  31  3:02  Probe  
  33  3:07  Gateway  
  33  3:09  Gateway  
  33  3:14  Gateway  
  33  3:28  Probe  
  33  3:29  Probe  
  35  3:38  Robotics Facility  
  35  3:40  Probe  
  35  3:41  Probe  
  37  3:44  Stalker  
  39  3:55  Probe  
  39  3:56  Probe  
  41  4:03  Zealot  
  41  4:04  Zealot  
  41  4:05  Pylon  
  41  4:07  Zealot  
  47  4:21  Forge  
  47  4:23  Forge  
  47  4:24  Sentry  
  49  4:29  Pylon  
  49  4:31  Stalker  
  51  4:32  Pylon  
  51  4:35  Observer  
  52  4:47  Stalker x2  
  56  5:09  Stalker x2  
  60  5:18  Immortal  
  64  5:31  Protoss Ground Weapons Level 1, Protoss Ground Armor Level 1  
  64  5:34  Nexus  
  58  5:45  Stalker  
  58  5:46  Stalker  
  62  6:05  Stalker  
  62  6:06  Stalker  
  62  6:10  Immortal  
  55  6:57  Stalker  
  55  6:58  Stalker x3  
  49  7:21  Stalker x2  
  53  7:33  Probe x2, Pylon  
  53  7:35  Pylon  
  55  7:37  Pylon  
  55  7:38  Immortal  
  55  7:44  Probe x2  
  61  7:52  Probe x2  
  61  7:54  Assimilator  
  61  7:56  Assimilator  
  63  8:00  Probe x2, Assimilator  
  63  8:03  Probe  
  63  8:04  Assimilator  
  66  8:12  Probe x2  
  56  8:15  Probe  
  56  8:18  Gateway  
  47  8:20  Gateway  
  47  8:22  Gateway x2  
  47  8:24  Probe x2  
  47  8:25  Stalker x2  
  47  8:26  Stalker x2  
  50  8:27  Probe  
  46  8:47  Zealot x4  
  45  9:07  Zealot x4  
  53  9:13  Zealot  
  53  9:15  Zealot  
  53  9:16  Zealot x2  
Show
View Real Time Build Order
Export as new Build Order

SCIInewby Protoss - Winner!

Build Orders:  

Get SALT Encoding   

  12  0:00  Probe  
  13  0:12  Probe  
  14  0:19  Pylon  
  14  0:30  Probe  
  15  0:38  Gateway  
  15  0:42  Probe  
  16  0:54  Probe  
  17  1:04  Pylon  
  17  1:14  Forge  
  17  1:25  Assimilator  
  17  1:33  Cybernetics Core  
  17  1:48  Pylon  
  17  1:53  Probe  
  18  2:01  Assimilator  
  18  2:02  Warp Gate  
  18  2:05  Probe  
  19  2:16  Zealot  
  19  2:17  Probe  
  22  2:29  Probe  
  23  2:41  Nexus  
  22  2:53  Probe  
  22  2:56  Protoss Ground Weapons Level 1  
  23  3:01  Photon Cannon  
  23  3:05  Probe  
  24  3:16  Assimilator  
  24  3:20  Probe  
  25  3:29  Pylon  
  23  3:44  Probe  
  23  3:48  Pylon  
  24  3:49  Gateway  
  24  3:55  Probe  
  24  4:00  Probe  
  24  4:01  Twilight Council  
  25  4:03  Probe  
  25  4:08  Probe  
  27  4:12  Probe  
  27  4:13  Assimilator  
  27  4:16  Probe  
  30  4:30  Zealot  
  32  4:33  Probe  
  32  4:34  Photon Cannon, Probe  
  32  4:36  Charge  
  34  4:49  Zealot  
  36  5:04  Photon Cannon  
  36  5:10  Zealot  
  38  5:25  Forge  
  38  5:28  Pylon  
  38  5:39  Zealot  
  36  5:48  Gateway  
  36  5:49  Probe  
  36  5:50  Gateway  
  36  5:52  Probe  
  36  5:53  Gateway  
  36  5:56  Gateway  
  38  5:57  Probe  
  39  6:04  Probe  
  39  6:05  Photon Cannon  
  39  6:06  Probe  
  39  6:10  Zealot x2  
  45  6:16  Probe  
  46  6:20  Pylon  
  46  6:28  Probe  
  46  6:32  Pylon, Zealot  
  49  6:33  Zealot  
  47  6:41  Zealot  
  41  6:47  Zealot  
  41  6:48  Zealot  
  41  6:53  Pylon  
  45  6:54  Pylon  
  45  6:56  Zealot x2  
  45  6:57  Zealot  
  47  7:03  Zealot  
  47  7:08  Forge  
  47  7:11  Zealot x2  
  49  7:19  Zealot  
  49  7:20  Zealot x2  
  51  7:30  Zealot  
  51  7:33  Zealot x2  
  57  7:44  Zealot  
  57  7:45  Zealot x2, Stargate  
  57  7:46  Stargate  
  57  7:48  Pylon  
  57  7:50  Pylon  
  63  7:52  Zealot  
  63  7:57  Zealot  
  63  7:58  Zealot  
  67  8:06  Pylon  
  67  8:08  Pylon  
  63  8:26  Zealot  
  63  8:27  Zealot x3  
  67  8:28  Zealot  
  67  8:29  Zealot  
  75  8:47  Pylon  
  75  8:52  Nexus  
  75  8:55  Pylon  
  75  8:59  Pylon  
  71  9:12  Dark Shrine  
  71  9:15  Zealot x2  
  69  9:18  Zealot  
  69  9:19  Zealot  
Tags
 
Add a new tag
Caveats
  • Supply blocks, unpowered buildings, or Contaminate may cause inaccurate times.
  • Supply counts are checked every 10 seconds.